 Seeded DCSS version 0.29-a0-998-g1987434951 (webtiles) character file.

Game seed: 20220806 (custom seed)

1047 muata the Fighter (level 8, -4/69 (75) HPs)
             Began as a Minotaur Berserker on Aug 6, 2022.
             Was a Priest of Trog.
             Slain by a wight
             ... wielding a +3 great sword
              (12 damage)
             ... on level 6 of the Dungeon.
             The game lasted 00:11:20 (4937 turns).

muata the Fighter (Minotaur Berserker)              Turns: 4937, Time: 00:11:20

HP:   -4/69 (75)    AC:  8    Str: 23    XL:     8   Next: 5%
MP:   7/7           EV: 10    Int:  4    God:    Trog [***...]
Gold: 305           SH:  0    Dex: 11    Spells: 7/7 levels left

rFire   + . .      SeeInvis .   n - +0 long sword
rCold   . . .      Faith    .   (no shield)
rNeg    . . .      Spirit   .   B - +0 scale mail
rPois   .          Reflect  .   (helmet restricted)
rElec   .          Harm     .   (no cloak)
rCorr   .          Rampage  .   (no gloves)
Will    ++...                   (no boots)
Stlth   ..........              (no amulet)
HPRegen 1.21/turn               l - ring of protection from fire
MPRegen 0.10/turn               (no ring)

@: strong-willed (expiring), on berserk cooldown, regenerating (expiring),
slowed, drained, very slow
A: horns 2, retaliatory headbutt
a: Renounce Religion, Berserk, Trog's Hand


You were on level 6 of the Dungeon.
You worshipped Trog.
Trog was most pleased with you.
You visited 1 branch of the dungeon, and saw 6 of its levels.
You also visited: Sewer and Ossuary.

You collected 305 gold pieces.

Inventory:

Hand Weapons
 a - a +0 hand axe
 n - a +0 long sword (weapon)
Missiles
 x - 5 javelins (quivered)
Armour
 B - a +0 scale mail (worn)
Jewellery
 l - a ring of protection from fire (left hand)
 y - a +6 ring of intelligence
Wands
 w - a wand of iceblast (15)
 A - a wand of light (7)
Scrolls
 e - 9 scrolls of identify
 g - a scroll of poison {unknown}
 k - 4 scrolls of butterflies
 o - a scroll of brand weapon {unknown}
 r - 2 scrolls of torment
 s - 3 scrolls of enchant armour
 t - a scroll of immolation {unknown}
 u - a scroll of teleportation {unknown}
 v - a scroll of magic mapping {unknown}
 C - a scroll of summoning {unknown}
Potions
 c - 3 potions of lignification {unknown}
 d - a potion of brilliance {unknown}
 f - 4 potions of berserk rage
 h - 3 potions of attraction
 j - a potion of flight {unknown}
 m - 2 potions of might
 p - 2 potions of heal wounds
 q - 5 potions of curing
 z - 3 potions of haste
 D - a potion of degeneration {unknown}


   Skills:
 + Level 8.7 Fighting
 - Level 3.6 Axes
 + Level 8.3 Armour
 - Level 2.1 Dodging


You had 7 spell levels left.
You didn't know any spells.
Your spell library was empty.

Dungeon Overview and Level Annotations

Branches:
Dungeon (6/15)              Sewer (visited)         Ossuary (visited)
 Temple: D:4-7

Altars:
Cheibriados
Elyvilon
Uskayaw
Zin
The Shining One


Innate Abilities, Weirdness & Mutations

You have a pair of horns on your head.
You reflexively headbutt those who attack you in melee.


Message History

You furiously retaliate!
You headbutt the hound. You barely miss the wight.
The hound bites you but does no damage.
The wight hits you with a +3 great sword!!
The wight hits you with a +7 short sword.
You feel drained. The hound bites you but does no damage.
The wight barely misses you.
The wight hits you with a +3 great sword!
The wight hits you with a +7 short sword.
You feel drained. The hound bites you but does no damage.
The hound attacks as you move away! The hound bites you but does no damage.
The wight hits you with a +7 short sword.
* * * LOW HITPOINT WARNING * * *
The hound bites you but does no damage. The wight closely misses you.
The wight hits you with a +7 short sword.
* * * LOW HITPOINT WARNING * * *
You feel drained.
* * * LOW HITPOINT WARNING * * *
The hound bites you.
* * * LOW HITPOINT WARNING * * *
The hound attacks as you move away! The hound bites you.
* * * LOW HITPOINT WARNING * * *
The hound bites you but does no damage. The wight barely misses you.
The hound bites you.
* * * LOW HITPOINT WARNING * * *
The hound stops to sniff the ground.
The wight hits you but does no damage.
You barely miss the wight.
You feel the effects of Trog's Hand fading.
The wight barely misses you. You furiously retaliate!
You headbutt the wight. The wight hits you but does no damage.
You slash the wight! Your headbutt misses the wight.
The wight is heavily damaged.
The wight hits you with a +3 great sword!
* * * LOW HITPOINT WARNING * * *
The hound pauses to sniff the ground.
The wight closely misses you.
You hit the wight.
The wight is heavily damaged.
The wight hits you with a +3 great sword!
You die...

.............##
.............# ...
#.........# ......#........#
.... ##.....#....
.....#zz...## #..
...#.##hh### . ......#z##
.......@### ## ..###.....# .#
..# #.###..##..## ..##.
..##..#...###..##.....
.........# #..#.....#
..<.....# ##....##
####......#####.....#
##....#...........#..# ###
####...............#.#..#....


You could see 2 hounds and 3 wights.

Vanquished Creatures
  A water moccasin (D:5)
  A phantom (D:4)
  A necrophage (D:4)
  2 bullfrogs (Sewer)
  An elf zombie (Ossuary)
  2 scorpions (D:5)
  A wight (D:6)
  A howler monkey (D:5)
  A jelly (D:5)
  A human zombie (Ossuary)
  2 hounds (D:5)
  2 iguanas
  2 hound zombies (Ossuary)
  4 mummies (Ossuary)
  5 adders
  A gnoll (D:1)
  5 orcs
  3 endoplasms
  14 giant cockroaches
  A gnoll zombie (Ossuary)
  6 goblins
  3 hobgoblins
  6 jackals
  10 quokkas
  16 ball pythons
  3 bats
  8 frilled lizards
  A hobgoblin zombie (Ossuary)
  3 jackal zombies (Ossuary)
  4 kobolds
  A kobold zombie (Ossuary)
  An orc zombie (Ossuary)
  8 rats
  A rat zombie (Ossuary)
122 creatures vanquished.

Notes
Turn   | Place    | Note
-------+----------+-------------------------------------------
     0 | D:1      | muata the Minotaur Berserker began the quest for the Orb.
     0 | D:1      | Reached XP level 1. HP: 19/19 MP: 0/0
   168 | D:1      | Reached XP level 2. HP: 27/27 MP: 1/1
   643 | D:1      | Reached XP level 3. HP: 34/34 MP: 2/2
   932 | D:2      | Found a snail-covered altar of Cheibriados.
  1008 | D:2      | Reached ** piety under Trog
  1672 | D:3      | Reached XP level 4. HP: 33/41 MP: 3/3
  1757 | D:3      | Found a faded altar of an unknown god.
  2058 | D:4      | Reached skill level 5 in Fighting
  2113 | D:4      | Found a glowing golden altar of the Shining One.
  2113 | D:4      | Found a white marble altar of Elyvilon.
  2113 | D:4      | Found a glowing silver altar of Zin.
  2134 | D:4      | Noticed a phantom
  2140 | D:4      | Killed a phantom
  2141 | D:4      | Reached XP level 5. HP: 48/48 MP: 4/4
  2240 | D:4      | Reached skill level 5 in Armour
  2414 | D:4      | Found a sand-covered staircase.
  2419 | Ossuary  | Entered an ossuary
  2439 | Ossuary  | Reached XP level 6. HP: 31/58 MP: 5/5
  3330 | D:5      | Entered Level 5 of the Dungeon
  3460 | D:5      | Reached XP level 7. HP: 50/66 MP: 6/6
  3530 | D:5      | Found a hide-covered altar of Uskayaw.
  3649 | D:5      | Found a glowing drain.
  3670 | Sewer    | Entered a sewer
  3952 | Sewer    | Reached *** piety under Trog
  4923 | D:6      | Reached XP level 8. HP: 75/75 MP: 7/7
  4937 | D:6      | Slain by a wight

Illustrated notes

Levels and vault maps discovered:
D:1:      ncdulo_halloftheorcs, layout_loops_ring
D:2:      layout_basic, basic_altar
D:3:      layout_loops_ring, dilly_ecumenical_altar_fadedgnrine
D:4:      layout_basic, dreamdust_divine_triumvirate, enter_ossuary_2,
          st_stairs_6
D:5:      layout_basic, mainiacjoe_overflow_surrounded_room,
          gup_sewer_entry_pipe
D:6:      layout_cave_pools, worldfamousw_hep_ancestral_shrine,
          lemuel_crystal_altar, minmay_temple_entry_arrows,
          minmay_misc_feat_tower, uniq_maggie

Skill      XL: |  1  2  3  4  5  6  7 |
---------------+----------------------+-----
Fighting       | 4 5 6 7 8 |  8.7
Armour         | 3 4 5 6 8 |  8.3
Axes           | |  3.6
Dodging        | |  2.1

Action                   |  1- 3 |  4- 6 |  7- 9 || total
-------------------------+-------+-------+-------++-------
Melee: Hand axe          |    53 |       |       ||    53
       Headbutt          |     6 |    22 |    16 ||    44
       Punch             |     1 |     2 |     1 ||     4
       Long sword        |    20 |    87 |   118 ||   225
Invok: Berserk           |     1 |     3 |     4 ||     8
       Trog's Hand       |       |       |     2 ||     2
  Use: Scroll            |     1 |     8 |       ||     9
Armor: Animal skin       |     7 |       |       ||     7
       Ring mail         |    12 |    45 |       ||    57
       Scale mail        |       |     7 |    89 ||    96
Dodge: Dodged            |    44 |    65 |   108 ||   217

Table legend: (Time is in decaauts)
 A = Elapsed time spent in this place.
 B = Non-inter-level travel time spent in this place.
 C = Inter-level travel time spent in this place.
 D = Time resting spent in this place.
 E = Time spent auto-exploring this place.
 F = Levels seen in this place.
 G = Mean time per level.
                   A        B        C        D        E       F      G
               +--------+--------+--------+--------+--------+-----+--------+
         Total |   5149 |   5050 |     99 |    720 |   2866 |   8 |  643.6 |
       Dungeon |   3980 |   3881 |     99 |    209 |   2683 |   6 |  663.3 |
         Sewer |    537 |    537 |      0 |    204 |     39 |   1 |  537.0 |
       Ossuary |    630 |    630 |      0 |    307 |    144 |   1 |  630.0 |
               +--------+--------+--------+--------+--------+-----+--------+

Top non-repeatable levels by time:
     D:5: 1061 daAuts
     D:3: 829 daAuts
     D:1: 803 daAuts
     D:4: 693 daAuts
 Ossuary: 630 daAuts
   Sewer: 537 daAuts
     D:2: 437 daAuts
     D:6: 155 daAuts
